 Dungeon Crawl Stone Soup version 0.30.0-15-g856e2d3f33 (console) character file.

Game seed: 1361526615550377637

31173 jejorda2 the Fighter (level 13, 0/112 HPs)
             Began as a Vine Stalker Berserker on May 18, 2023.
             Was an Elder of Trog.
             Succumbed to a cane toad's poison
             ... on level 3 of the Lair of Beasts.
             The game lasted 00:37:58 (13542 turns).

jejorda2 the Fighter (Vine Stalker Berserker)      Turns: 13542, Time: 00:37:58

Health: 0/112      AC: 19    Str: 24    XL:     13   Next: 56%
Magic:  14/14      EV:  9    Int:  9    God:    Trog [****..]
Gold:   1015       SH:  0    Dex: 15    Spells: 12/12 levels left

rFire   . . .        a - +3 dagger
rCold   . . .        (no shield)
rNeg    . . .        J - +2 chain mail "Fyem" {Rampage rPois Int+2}
rPois   +            g - +0 helmet
rElec   .            f - +0 cloak
rCorr   .            r - +2 pair of gloves
SInv    +            t - +0 pair of boots
Will    ++++.        (no amulet) Stlth
                     v - ring of see invisible
HPRegen 2.18/turn    w - ring of willpower
MPRegen 0.14/turn

%: guardian spirit, rampage
@: berserking (expiring), lethally poisoned (0 -> -1), strong-willed,
regenerating, very quick
A: fangs 3, regeneration 1, magic shield, antimagic bite, no potion heal 2
a: Renounce Religion, Berserk, Trog's Hand, Brothers in Arms


You were on level 3 of the Lair of Beasts.
You worshipped Trog.
Trog was greatly pleased with you.
You visited 2 branches of the dungeon, and saw 15 of its levels.

You collected 1482 gold pieces.
You spent 467 gold pieces at shops.

Inventory:

Hand Weapons
 a - a +3 dagger (weapon)
 F - a +1 dagger of protection
Missiles
 d - 115 stones (quivered)
 j - 17 boomerangs
 m - 39 poisoned darts
 s - 5 silver javelins
Armour
 f - a +0 cloak (worn)
 g - a +0 helmet (worn)
 r - a +2 pair of gloves (worn)
 t - a +0 pair of boots (worn)
 H - a +1 scale mail of fire resistance
 I - a +0 kite shield
 J - the +2 chain mail "Fyem" (worn) {Rampage rPois Int+2}
   (You bought it in a shop on level 10 of the Dungeon)

   Int:       It affects your intelligence (+2).
   rPois:     It protects you from poison.
   Rampage:   It bestows one free step when moving towards enemies.
 L - a +0 tower shield of cold resistance
Jewellery
 c - a ring of positive energy
 v - a ring of see invisible (left hand)
 w - a ring of willpower (right hand)
Wands
 k - a wand of charming (15)
 p - a wand of mindburst (5)
 q - a wand of roots (8)
 x - a wand of digging (11)
 D - a wand of flame (34)
 M - a wand of polymorph (6)
Scrolls
 e - a scroll of enchant armour
 i - 2 scrolls of blinking
 o - 3 scrolls of teleportation
 y - 2 scrolls of fog
 K - 3 scrolls of identify
 N - 2 scrolls of brand weapon
Potions
 b - 4 potions of flight
 h - a potion of cancellation
 l - 4 potions of resistance
 n - 3 potions of invisibility
 u - 2 potions of might
 z - 4 potions of curing
 A - 4 potions of mutation
 B - 2 potions of haste
 C - a potion of berserk rage
 E - 3 potions of magic
 G - a potion of lignification
 O - a potion of ambrosia


   Skills:
 - Level 12.0 Fighting
 - Level 10.0 Short Blades
 + Level 6.1 Throwing
 + Level 6.0 Armour
 - Level 1.5 Dodging
 * Level 11.9 Shields


You had 12 spell levels left.
You didn't know any spells.
Your spell library was empty.

Dungeon Overview and Level Annotations

Branches:
Dungeon (12/15)            Temple (0/1) D:7            Lair (3/5) D:9
    Orc (0/2) D:12
  Swamp: Lair:2-3    Shoals: Lair:2-3     Snake: Lair:2-3    Spider: Lair:2-3

Altars:
Ashenzari
Dithmenos
Gozag
Kikubaaqudgha
Okawaru
Ru
Trog
Yredelemnul
The Shining One

Shops:
D:10 *!:[[

Annotations:
D:8 3 runed translucent doors, exclusion: 3 doors, Aj7335's ghost, novice MiBe
D:9 1 runed translucent door, Pimp's ghost, journeyman OpVM
Lair:2 exclusion: 3 oklob plants


Innate Abilities, Weirdness & Mutations

You have razor-sharp teeth.
Your natural rate of healing is unusually fast.
When hurt, damage is shared between your health and your magic reserves.
Your bite disrupts and absorbs the magic of your enemies.
Potions cannot restore your health.


Message History

You puncture the yak! You bite the yak.
You kill the yak!
Trog accepts your kill.
* * * LOW HITPOINT WARNING * * *
You feel sick.
You hit the yak but do no damage. You bite the yak! You drain its power.
The yak is moderately wounded.
* * * LOW HITPOINT WARNING * * *
You feel sick.
You barely miss the yak. You bite the yak! You drain its power.
The yak is severely wounded.
* * * LOW HITPOINT WARNING * * *
You feel sick.
You puncture the yak!
The yak is almost dead.
* * * LOW HITPOINT WARNING * * *
You feel sick. The yak gores you but does no damage.
You hit the yak.
You kill the yak!
Trog accepts your kill.
* * * LOW HITPOINT WARNING * * *
You feel sick.
Unknown command.
* * * LOW HITPOINT WARNING * * *
You feel sick.
There is an open door here.
You feel a strong urge to attack something.
* * * LOW HITPOINT WARNING * * *
You feel sick.
There is a stone staircase leading up here.
You die...

.######..P.##
#............#
#............#
.............#
.............##
.............P#
..............#
.............##
#......@.....#
##P.##.'.....#
####...###.#.#
#..##YY##.##
#.... Y......
#..... ......##
..... ......#
##... ......#
... ......#


You could see 2 yaks.

Vanquished Creatures
  Rupert (D:12)
  2 hydras (Lair:2)
  3 two-headed ogres
  Lodul (D:11)
  2 ugly things (D:12)
  2 manticores
  2 elephants (Lair:2)
  5 cane toads
  2 unseen horrors (D:11)
  A komodo dragon (Lair:1)
  2 rime drakes
  A queen bee (Lair:2)
  2 hornets
  A troll (D:11)
  4 blink frogs
  9 slime creatures (D:12)
  2 vampires (D:11)
  7 wyverns
  A wraith (D:12)
  Sigmund (D:2)
  39 yaks
  Grum (D:8)
  8 basilisks
  A steam dragon (D:9)
  2 vampire mosquitoes (D:12)
  Edmund (D:5)
  An acid dragon (D:12)
  7 water moccasins
  10 orc warriors
  A sky beast (D:5)
  2 black bears
  An ice beast (D:8)
  8 ogres
  7 wolves
  7 centaurs
  A phantom (D:6)
  4 kobold brigands
  6 bullfrogs
  4 scorpions
  2 gnoll sergeants
  14 wights
  41 killer bees
  3 electric eels (D:12)
  2 howler monkeys (D:9)
  A gnoll bouda (Lair:1)
  2 hounds
  3 jellies (D:7)
  15 orc priests
  3 iguanas
  2 sleepcaps
  15 orc wizards
  11 gnolls
  5 adders
  A river rat (Lair:2)
  A shadow imp (D:6)
  A worm (D:3)
  A dart slug (D:2)
  56 orcs
  8 ball pythons
  An endoplasm (D:1)
  A giant cockroach (D:1)
  5 goblins
  7 hobgoblins
  30 kobolds
  7 quokkas
  3 bats
  3 frilled lizards
  3 rats
409 creatures vanquished.

Vanquished Creatures (collateral kills)
  A vampire mosquito (D:12)
  A killer bee (Lair:2)
2 creatures vanquished.

Grand Total: 411 creatures vanquished

Notes
Turn   | Place    | Note
-------+----------+-------------------------------------------
     0 | D:1      | jejorda2 the Vine Stalker Berserker began the quest for the
                  | Orb.
     0 | D:1      | Reached XP level 1. HP: 11/11 MP: 2/2
   219 | D:1      | Reached XP level 2. HP: 7/16 MP: 1/3
   687 | D:1      | Reached skill level 3 in Fighting
   886 | D:1      | Reached XP level 3. HP: 16/20 MP: 4/4
  1158 | D:2      | Noticed Sigmund
  1181 | D:2      | Killed Sigmund
  1182 | D:2      | Gained mutation: Your natural rate of healing is unusually
                  | fast. [Vine Stalker growth]
  1182 | D:2      | Reached XP level 4. HP: 18/25 MP: 5/5
  1182 | D:2      | Reached XP level 5. HP: 21/29 MP: 6/6
  1291 | D:2      | Reached ** piety under Trog
  1707 | D:3      | Reached skill level 4 in Fighting
  1707 | D:3      | Reached skill level 5 in Short Blades
  1707 | D:3      | Reached XP level 6. HP: 7/33 MP: 7/7
  2130 | D:3      | Found a sacrificial altar of Ru.
  2131 | D:3      | Found a broken altar of Ashenzari.
  2132 | D:3      | Found an opulent altar of Gozag.
  2133 | D:3      | Found a glowing golden altar of the Shining One.
  2549 | D:4      | Found an iron altar of Okawaru.
  3193 | D:5      | Entered Level 5 of the Dungeon
  3221 | D:5      | Reached XP level 7. HP: 38/38 MP: 8/8
  3261 | D:5      | Reached skill level 5 in Fighting
  3421 | D:5      | Noticed Edmund
  3435 | D:5      | Killed Edmund
  3436 | D:5      | Gained mutation: You have razor-sharp teeth. [Vine Stalker
                  | growth]
  3436 | D:5      | Reached XP level 8. HP: 43/43 MP: 9/9
  3549 | D:5      | Noticed a hornet
  3552 | D:5      | Paralysed by a hornet for 3 turns
  3562 | D:5      | Killed a hornet
  3860 | D:5      | Reached skill level 6 in Fighting
  4315 | D:6      | Reached XP level 9. HP: 48/48 MP: 10/10
  4684 | D:7      | Found a staircase to the Ecumenical Temple.
  4799 | D:7      | Reached *** piety under Trog
  5001 | D:7      | Found an ancient bone altar of Kikubaaqudgha.
  5007 | D:7      | Found a basalt altar of Yredelemnul.
  5009 | D:7      | Found a bloodstained altar of Trog.
  5161 | D:7      | Reached skill level 10 in Short Blades
  5611 | D:8      | Reached skill level 5 in Armour
  5616 | D:8      | Reached skill level 7 in Fighting
  5616 | D:8      | Reached XP level 10. HP: 55/55 MP: 11/11
  5961 | D:8      | Found a runed translucent gate.
  5973 | D:8      | Found a runed translucent gate.
  5973 | D:8      | Found a runed translucent gate.
  5973 | D:8      | Noticed a ten-headed hydra
  5973 | D:8      | Noticed Aj7335's ghost (novice MiBe)
  5973 | D:8      | Noticed a ten-headed hydra
  6037 | D:8      | Noticed Grum
  6073 | D:8      | Killed Grum
  6415 | D:9      | Reached **** piety under Trog
  6534 | D:9      | Reached skill level 8 in Fighting
  6564 | D:9      | Found a runed translucent door.
  6566 | D:9      | Identified the +5 spear of Davohiaj {pain, *Corrode +Blink
                  | Stlth+}
  6566 | D:9      | Noticed Pimp's ghost (journeyman OpVM)
  6636 | D:9      | Noticed a two-headed ogre
  6641 | D:9      | Killed a two-headed ogre
  6642 | D:9      | Reached skill level 9 in Fighting
  7056 | D:9      | Reached skill level 10 in Fighting
  7105 | D:9      | Found a staircase to the Lair.
  7265 | D:10     | Entered Level 10 of the Dungeon
  7275 | D:10     | Found Maplad's Armour Boutique.
  7285 | D:10     | Bought a +0 kite shield for 49 gold pieces
  7308 | D:10     | Found Fotaru's Armour Shop.
  7313 | D:10     | Reached skill level 1 in Shields
  7331 | D:10     | Reached XP level 11. HP: 52/63 MP: 8/12
  7359 | D:10     | Bought the +2 chain mail "Fyem" {Rampage rPois Int+2} for
                  | 418 gold pieces
  7434 | D:10     | Found Iligh's Book Boutique.
  7461 | D:10     | Found Puohat's General Store.
  7515 | D:10     | Found Huqoiz's Distillery.
  7549 | D:10     | Noticed a two-headed ogre
  7561 | D:10     | Killed a two-headed ogre
  7869 | D:10     | Reached skill level 5 in Shields
  8141 | D:11     | Noticed Lodul
  8169 | D:11     | Killed Lodul
  8445 | D:11     | Reached skill level 1 in Throwing
  8490 | D:11     | Found a shadowy altar of Dithmenos.
  8525 | D:11     | Noticed a manticore
  8543 | D:11     | Killed a manticore
  8544 | D:11     | Reached XP level 12. HP: 17/68 MP: 4/13
  9013 | D:12     | Reached skill level 11 in Fighting
  9269 | D:12     | Reached ***** piety under Trog
  9332 | D:12     | Noticed Rupert
  9358 | D:12     | Killed Rupert
  9359 | D:12     | Reached skill level 5 in Throwing
  9511 | D:12     | Noticed a two-headed ogre
  9522 | D:12     | Killed a two-headed ogre
  9952 | D:12     | Found a staircase to the Orcish Mines.
 10044 | D:12     | Found an opulent altar of Gozag.
 10567 | Lair:1   | Entered Level 1 of the Lair of Beasts
 10615 | Lair:1   | Identified the +4 scale mail of the Purple Skies {Dex+4}
 11487 | Lair:2   | Reached XP level 13. HP: 74/74 MP: 14/14
 11507 | Lair:2   | Reached skill level 12 in Fighting
 11540 | Lair:2   | Reached skill level 10 in Shields
 13536 | Lair:3   | HP: 5/112 [poisoned by a cane toad]
 13541 | Lair:3   | HP: 2/112 [poisoned by a cane toad]
 13542 | Lair:3   | Succumbed to a cane toad's poison

Illustrated notes

Levels and vault maps discovered:
D:1:      amcnicky_arrival_blooded_trapdoor, layout_basic
D:2:      layout_loops_ring, uniq_sigmund
D:3:      layout_loops_ring, mainiacjoe_overflow_alcove_3, nrook_uturn
D:4:      layout_gridville, okawaru_metal_pillars_1_2
D:5:      layout_loops_ring, hangedman_decor_riveting,
          eino_small_chamber_without_monster, uniq_edmund
D:6:      layout_gridville
D:7:      layout_rooms, minitemple, minmay_temple_entry_ruins
D:8:      layout_basic, gammafunk_ghost_hydra_chop, uniq_grum
D:9:      layout_roguey, erik_lair_dragon, ebering_ghost_funeral_grove
D:10:     layout_loops_ring, serial_shops, shop, shop,
          nicolae_shop_advertising_works [nicolae_subvault_shop_adworks], shop,
          shop_fountains, serial_glass, glass_columns_b, glass_columns_b
D:11:     layout_small_grid, nicolae_dithmenos_shadow_blocks, uniq_lodul
D:12:     layout_cave_pods, erik_orc_2,
          nicolae_gozag_cash_rules_everything_around_me, uniq_rupert
Lair:1:   layout_gridlike, dreamdust_gnoll_shepherd, grunt_megastairs_3,
          serial_bayou_shore_b
Lair:2:   hangedman_what_comes_after_a, layout_layer_cave, grunt_megastairs_1,
          infiniplex_staircase_pool
Lair:3:   layout_roguey, nicolae_shoals_entry_flooding,
          minmay_snake_entry_guardpost_medium, grunt_megastairs_5,
          serial_bayou_shore_b, serial_bayou_shore_a, uniq_amaemon

Skill      XL: |  1  2  3  4  5  6  7  8  9 10 11 12 13 |
---------------+----------------------------------------+-----
Short Blades   | 3 4 5 7 8 10 | 10.0
Fighting       | 3 4 5 6 7 10 11 12 | 12.0
Armour         | 2 5 6 |  6.0
Shields        | 2 8 9 11 | 11.9
Throwing       | 2 6 |  6.1
Dodging        | |  1.5

Action                     |  1- 3 |  4- 6 |  7- 9 | 10-12 | 13-15 || total
---------------------------+-------+-------+-------+-------+-------++-------
  Melee: Dagger            |    85 |   179 |   421 |   970 |   419 ||  2074
         Short sword       |     6 |       |       |       |       ||     6
         Bite              |    25 |    46 |   127 |   421 |   158 ||   777
         Punch             |     1 |     4 |     5 |     8 |       ||    18
  Throw: Stone             |     1 |       |    12 |     8 |    12 ||    33
         Dart              |       |       |       |     5 |       ||     5
         Javelin           |       |       |       |       |     4 ||     4
 Invoke: Berserk           |       |     5 |     9 |    18 |     6 ||    38
         Trog's Hand       |       |     2 |     2 |     6 |     4 ||    14
         Brothers in Arms  |       |       |       |     1 |     1 ||     2
  Evoke: Wand              |       |       |     2 |     6 |     1 ||     9
    Use: Potion            |     1 |     2 |       |     1 |       ||     4
         Scroll            |       |       |    17 |     6 |     4 ||    27
   Stab: Sleeping          |     3 |       |       |       |       ||     3
 Armour: Animal skin       |    15 |       |       |       |       ||    15
         Chain mail        |     5 |    75 |   152 |   224 |   188 ||   644
         Plate armour      |       |       |       |   115 |       ||   115
  Dodge: Dodged            |    45 |    65 |   105 |   200 |   121 ||   536
  Block: Kite shield       |       |       |       |   263 |   227 ||   490
